 Dungeon Crawl Stone Soup version 0.17-a0-1910-g4c791fa (webtiles) character file.

28 Oddball22 the Grave Robber (level 2, -4/23 HPs)
             Began as a Demonspawn Necromancer on Sept 26, 2015.
             Slain by a worm (9 damage)
             ... on level 2 of the Dungeon.
             The game lasted 00:04:08 (1381 turns).

Oddball22 the Grave Robber (Demonspawn Necromancer) Turns: 1381, Time: 00:04:08

Health: -4/23      AC:  6    Str:  8    XL:     2   Next: 96%
Magic:  0/5        EV: 12    Int: 16    God:
Gold:   29         SH:  0    Dex: 13    Spells: 1 memorised, 4 levels left

rFire  . . .     SeeInvis .     j - -1 dagger (curse)
rCold  . . .     Clarity  .     l - +0 robe (curse)
rNeg   + . .     SustAt   .     (no shield)
rPois  .         Gourm    .     (no helmet)
rElec  .         Spirit   .     (no cloak)
rCorr  .         Warding  .     (no gloves)
rMut   .         Stasis   .     (no boots)
MR     .....                    (no amulet)
Stlth  ++........               (no ring)
                                f - ring of positive energy

@: not resistant to hostile enchantments, unstealthy
A: iridescent scales 1
a: no special abilities


You were on level 2 of the Dungeon.
You were not hungry.

You visited 1 branch of the dungeon, and saw 2 of its levels.

You collected 29 gold pieces.

Inventory:

Hand weapons
 j - a cursed -1 dagger (weapon)
Armour
 l - a cursed +0 robe (worn)
Jewellery
 f - a ring of positive energy (left hand)
Scrolls
 a - a scroll of remove curse {unknown}
 g - 2 scrolls of identify {unknown}
 h - a scroll of teleportation {unknown}
 i - a scroll of enchant armour {unknown}
 k - a scroll of blinking {unknown}
 n - a scroll of magic mapping {unknown}
Potions
 d - a potion of curing {unknown}
 e - a potion of flight {unknown}
Books
 b - a book of Necromancy

   Spells                             Type                      Level
   a - Pain                           Necromancy                   1
   b - Animate Skeleton               Necromancy                   1
   c - Vampiric Draining              Necromancy                   3
   d - Regeneration                   Charms/Necromancy            3
   e - Animate Dead                   Necromancy                   4
   f - Control Undead                 Necromancy                   4
Comestibles
 c - a bread ration
 m - 5 fruits


   Skills:
 * Level 2.4 Fighting
 + Level 2.0 Dodging
 - Level 1.7 Stealth
 - Level 2.0 Spellcasting
 - Level 4.3 Necromancy


You had 4 spell levels left.
You knew the following spells:

 Your Spells              Type           Power        Failure   Level  Hunger
a - Pain                  Necr           ###.         4%          1    #......


Dungeon Overview and Level Annotations

Branches:
Dungeon (2/15)

Altars:


Innate Abilities, Weirdness & Mutations

You are partially covered in iridescent scales (AC +4).


Message History

The worm bites you.
You hit the worm.
The worm is severely wounded.
The worm bites you but does no damage.
Casting: Pain
Confirm with . or Enter, or press ? or * to list all spells.
Aiming: Pain
Press: ? - help, Shift-Dir - straight line, f/p - worm
Aim: a worm (severely wounded, chance to defeat MR: 80%)
The worm convulses in agony!
You hit the worm but do no damage.
The worm is almost dead.
The worm bites you!
* * * LOW HITPOINT WARNING * * *
You barely miss the worm.
The worm is almost dead.
You hit the worm but do no damage.
The worm is almost dead.
The worm bites you!
You die...

....#.............# #..###
#..#.######.####.###..#
#.....................#
#.r#.####.#.####.###..#
#.###.....................#
............#.............#
####.รท.####........##...#
#.####.######..#####.##...###
...........rw@...............
##.####.######..#####.##...##
#.# #..#####.##...# ...
.............# ....
.............#
.....#......##.........#
.##.$..........###.###..# ..
#.. #...#.##.# #.# #..#
#...#..... ..# #..#


You could see a worm and a quokka.

Vanquished Creatures
  An ooze (D:1)
  A ball python (D:1)
  4 bats
  2 giant cockroaches (D:1)
  3 hobgoblins
  2 kobolds (D:2)
  3 giant newts (D:1)
  2 goblins (D:1)
  3 rats (D:1)
21 creatures vanquished.

Notes
Turn   | Place    | Note
--------------------------------------------------------------
     0 | D:1      | Oddball22 the Demonspawn Necromancer began the quest for the Orb.
     0 | D:1      | Reached XP level 1. HP: 13/13 MP: 3/3
   185 | D:1      | Reached skill level 1 in Fighting
   380 | D:1      | Gained mutation: You are partially covered in iridescent scales (AC +4). [demonic ancestry]
   380 | D:1      | Reached XP level 2. HP: 19/21 MP: 1/5
  1381 | D:2      | Slain by a worm

Vault maps used:
D:1:      minmay_arrival_wavy_path, minmay_close_crescents
D:2:      uniq_crazy_yiuf_cottage

Action                   || total
-------------------------++-------
Melee: Unarmed           ||     1
       Dagger            ||    11
       Club              ||     5
 Cast: Pain              ||    43
  Eat: Chunk             ||     2
